[Event "Team 45 45 League T41"]
[Site "Internet Chess Club"]
[Date "2009.05.04"]
[Round "1"]
[White "ElMarginal"]
[Black "sdcohle"]
[Result "1-0"]
[WhiteElo "1489"]
[BlackElo "1331"]
[Opening "Four knights: Italian variation"]
[ECO "C55"]
[Time "23:00:06"]
[TimeControl "2700+45"]

1. e4 e5 2. Nf3 Nc6 3. Bc4 Nf6 4. Nc3 Nxe4 5. Nxe4 d5 6. Bd3 dxe4 7. Bxe4 Bd6 8.
Bxc6+ bxc6 9. O-O O-O 10. d3 Re8 11. Be3 Bb7 12. Nd2 c5 13. Ne4 Rb8 14. b3 Qe7
15. Qg4 Bxe4 16. dxe4 Qe6 17. Qe2 Rb7 18. Qa6 Reb8 19. c4 Qc8 20. Qc6 Rb6 21.
Qd5 Qb7 22. Rfd1 Rd8 23. f3 Qb8 24. Bxc5 Ra6 25. Bf2 Be7 26. Qxe5 Bd6 27. Qb2 f6
28. Qc2 c5 29. Rd5 Bxh2+ 30. Kf1 Be5 31. Rad1 Rxd5 32. Rxd5 Rd6 33. Bxc5 Rc6 34.
Bxa7 Qxa7 35. a4 Bh2 36. c5 Qc7 37. Qc4 Kf8 38. b4 Rd6 39. b5 Re6 40. Qd3 Qa5
41. Rd8+ Kf7 42. Qd7+ Re7 43. Qd5+ Kg6 44. Qf5+ Kf7 45. Qh5+ g6 46. Qxh7+ Ke6
47. Rd6+ Ke5 48. Qxe7+ Kf4 49. Rxf6+ Ke3 50. c6 Qd2 51. Qc5+ Qd4 52. Qxd4+ Kxd4
53. Rxg6 Be5 54. a5 Bc7 55. b6 Be5 56. c7 Bxc7 57. bxc7 Ke5 58. Ke2 Kd4 59. Rg5
Kc4 60. c8=Q+ Kd4 61. Rd5# {Black checkmated} 1-0

[Event "Team 45 45 League T41"]
[Site "Internet Chess Club"]
[Date "2009.05.03"]
[Round "1"]
[White "TheronUAL"]
[Black "TerryMalloy"]
[Result "0-1"]
[WhiteElo "1528"]
[BlackElo "1988"]
[Opening "Scandinavian (center counter) defense"]
[ECO "B01"]
[Time "19:30:52"]
[TimeControl "2700+45"]

1. e4 d5 2. exd5 Qxd5 3. Nc3 Qa5 4. d4 Nf6 5. Bc4 c6 6. Nf3 Bf5 7. O-O e6 8. Be3
Bb4 9. Bb3 Nbd7 10. a3 Bxc3 11. bxc3 Bg4 12. h3 Bxf3 13. Qxf3 Qxc3 14. Rfe1 O-O
15. Rad1 Rad8 16. Qe2 Rfe8 17. Bd2 Qxd4 18. Qf3 Ne5 19. Qg3 Ne4 20. Qf4 Nxd2 21.
Qxe5 Qxe5 22. Rxe5 Nf3+ 23. gxf3 Rxd1+ 24. Kg2 Red8 25. c4 R1d3 26. Re3 Rxe3 27.
fxe3 Rd3 28. Ba4 Rxa3 29. Bd1 Rxe3 30. Kf2 Rc3 31. Be2 a5 {White resigns} 0-1

[Event "Team 45 45 League T41"]
[Site "Internet Chess Club"]
[Date "2009.04.30"]
[Round "1"]
[White "Ernie1"]
[Black "Pillsbury57"]
[Result "1-0"]
[WhiteElo "1635"]
[BlackElo "1488"]
[Opening "Torre attack (Tartakower variation)"]
[ECO "D03"]
[Time "21:00:07"]
[TimeControl "2700+45"]

1. d4 d5 2. Nf3 Nf6 3. Bg5 Bf5 4. Bxf6 gxf6 5. e3 c6 6. Bd3 Bd7 7. c4 Bg7 8. Qc2
f5 9. cxd5 cxd5 10. Bxf5 e6 11. Bxh7 Nc6 12. a3 Ne7 13. Bd3 Rc8 14. Nc3 Qc7 15.
Rc1 e5 16. Nxe5 Bxe5 17. dxe5 Qxe5 18. h3 d4 19. Qb3 dxc3 20. Rxc3 Rxc3 21. Qxc3
Qxc3+ 22. bxc3 Bc6 23. f3 Nd5 24. Kd2 Rh6 25. c4 Nb6 26. h4 Na4 27. Bc2 Rd6+ 28.
Ke2 Nc3+ 29. Ke1 Na4 30. h5 Rh6 31. Kf2 Nc5 32. g4 f6 33. Rh2 Ne6 34. f4 Ke7 35.
Kg3 Be8 36. Bd1 b6 37. Kh4 Bf7 38. g5 fxg5+ 39. fxg5 Nxg5 40. Kxg5 Rh8 41. Be2
Kf8 42. h6 Rg8+ 43. Kf4 Rh8 44. Bd3 a6 45. h7 b5 46. cxb5 axb5 47. Bxb5 Bg6 48.
a4 Bxh7 49. Bd3 Kg7 50. Rxh7+ Rxh7 51. Bxh7 Kf6 52. a5 {Black resigns} 1-0

[Event "Team 45 45 League T41"]
[Site "Internet Chess Club"]
[Date "2009.05.04"]
[Round "1"]
[White "achessfool"]
[Black "paulwright"]
[Result "1/2-1/2"]
[WhiteElo "1482"]
[BlackElo "1416"]
[Opening "Alekhine's defense"]
[ECO "B03"]
[Time "14:03:07"]
[TimeControl "2700+45"]

1. e4 Nf6 2. e5 Nd5 3. d4 g6 4. c4 Nb6 5. Nc3 d6 6. Nf3 Bg7 7. Bf4 Bg4 8. h3
Bxf3 9. Qxf3 Nc6 10. Rd1 O-O 11. c5 dxe5 12. dxe5 Nd7 13. Qd3 Ndxe5 14. Qe3 Qc8
15. Bh6 Rd8 16. Bxg7 Rxd1+ 17. Nxd1 Kxg7 18. Bb5 Qe6 19. O-O Qxa2 20. Qc3 Qa5
21. Qxa5 Nxa5 22. b4 Nac6 23. Re1 Kf6 24. Ne3 e6 25. f4 Nd7 26. Ng4+ Kg7 27.
Bxc6 bxc6 28. Rd1 Nf6 29. Ne5 Nd5 30. g3 a5 31. bxa5 Rxa5 32. Rc1 Ra3 33. Kg2
Ne3+ 34. Kf2 Nf5 35. g4 Nd4 36. Rd1 f6 37. Rxd4 fxe5 38. fxe5 Rxh3 39. Rd7+ Kh6
40. Rxc7 Rh2+ 41. Kg3 Re2 42. Kh4 Rxe5 43. Rxc6 g5+ 44. Kg3 Kg6 45. Rc8 Kf7 46.
c6 Ke7 47. Rc7+ Kd6 48. Rc8 Rc5 49. Rh8 Rxc6 50. Rxh7 Rc5 51. Kf3 Ke5 52. Rf7
Kd4 53. Rf6 Rc3+ 54. Kg2 Re3 55. Kf2 Re4 56. Kg3 Ke5 57. Rg6 Re3+ 58. Kf2 Kf4
59. Rf6+ Ke5 {Game drawn by mutual agreement} 1/2-1/2

[Event "Team 45 45 League T41"]
[Site "Internet Chess Club"]
[Date "2009.05.02"]
[Round "1"]
[White "slipkid"]
[Black "BishopMike"]
[Result "0-1"]
[WhiteElo "1478"]
[BlackElo "1465"]
[Opening "Sicilian: Alapin's variation (2.c3)"]
[ECO "B22"]
[Time "14:00:15"]
[TimeControl "2700+45"]

1. e4 c5 2. c3 Nc6 3. d4 cxd4 4. cxd4 g6 5. Nc3 Bg7 6. Nf3 d6 7. Bb5 Bd7 8. O-O
Qb6 9. Be3 Qd8 10. Qd2 Nf6 11. Rac1 a6 12. Ba4 b5 13. Bb3 b4 14. Na4 Nxe4 15.
Qd3 Nf6 16. d5 Na5 17. Bb6 Qb8 18. Bxa5 Bb5 19. Qc2 Bxf1 20. Rxf1 O-O 21. Nd4
Qb7 22. Nc6 Kh8 23. Bxb4 Rac8 24. Qd2 Rc7 25. Ba5 Rcc8 26. Nb6 Rce8 27. Re1 e6
28. Ba4 Nd7 29. Nxd7 Qxd7 30. Bc3 e5 31. Qd3 Ra8 32. b4 f5 33. f4 e4 34. Bxg7+
Kxg7 35. Qd4+ Kg8 36. Rc1 Rfe8 37. Rc3 Qg7 38. Qxg7+ Kxg7 39. Kf2 h6 40. Bd1 Kf6
41. a4 g5 42. g3 gxf4 43. gxf4 Rg8 44. b5 axb5 45. a5 Rg7 46. Be2 b4 47. Rb3
Rag8 48. a6 Rg2+ 49. Ke3 Rxh2 50. a7 Rh3+ 51. Bf3 Rxf3+ 52. Kd4 Rxb3 53. Kc4 Ra3
54. Kxb4 Rxa7 55. Nxa7 e3 {White resigns} 0-1

[Event "Team 45 45 League T41"]
[Site "Internet Chess Club"]
[Date "2009.05.03"]
[Round "1"]
[White "MRuperez"]
[Black "Majamutu"]
[Result "1-0"]
[WhiteElo "2226"]
[BlackElo "2015"]
[Opening "King's Indian with e4 & g3"]
[ECO "E72"]
[Time "15:01:09"]
[TimeControl "2700+45"]

1. d4 Nf6 2. c4 g6 3. Nc3 Bg7 4. e4 d6 5. g3 O-O 6. Bg2 Nc6 7. Nge2 e5 8. d5 Nd4
9. O-O Nxe2+ 10. Qxe2 c6 11. h3 Qc7 12. Be3 Bd7 13. dxc6 bxc6 14. c5 Be6 15.
Rfd1 dxc5 16. Bxc5 Rfd8 17. Qa6 Bf8 18. Rxd8 Qxd8 19. Bxf8 Qxf8 20. Qxc6 Rb8 21.
Nd5 Nd7 22. b3 Kg7 23. Nc7 Nc5 24. Rc1 Nd3 25. Nxe6+ fxe6 26. Qd7+ {Black
resigns} 1-0

[Event "Team 45 45 League T41"]
[Site "Internet Chess Club"]
[Date "2009.05.01"]
[Round "1"]
[White "frank001"]
[Black "Morovon23"]
[Result "0-1"]
[WhiteElo "1978"]
[BlackElo "2124"]
[Opening "Scandinavian defense"]
[ECO "B01"]
[Time "00:00:10"]
[TimeControl "2700+45"]

1. e4 d5 2. exd5 Nf6 3. Bb5+ Bd7 4. Be2 Nxd5 5. d4 Bf5 6. Nf3 e6 7. O-O Be7 8.
c4 Nb6 9. Be3 O-O 10. Nc3 Nc6 11. Qd2 Bf6 12. Rad1 Qe7 13. h3 h6 14. Qc1 Rfd8
15. Rd2 Rd7 16. Rfd1 Rad8 17. Bf1 Na5 18. b3 Nc6 19. g4 Bg6 20. Bg2 Nb4 21. a3
Nc6 22. Ne2 Na5 23. Qb2 Naxc4 24. bxc4 Nxc4 25. Qxb7 Qxa3 26. Bf4 Nxd2 27. Rxd2
c5 28. Qb5 cxd4 29. Qc4 d3 30. Ng3 a5 31. Kh2 Qb4 32. Qxb4 axb4 33. g5 Bc3 34.
Rd1 d2 35. Ne5 Bxe5 36. Bxe5 Bc2 37. Bf3 Bxd1 38. Bxd1 hxg5 39. Ne4 f6 40. Bb2
Rc7 41. f3 Rc1 42. Nf2 Rb1 {White resigns} 0-1

[Event "Team 45 45 League T41"]
[Site "Internet Chess Club"]
[Date "2009.05.03"]
[Round "1"]
[White "dpawn"]
[Black "Intelectual"]
[Result "0-1"]
[WhiteElo "1835"]
[BlackElo "1916"]
[Opening "King's Indian: Zinnowitz variation"]
[ECO "E90"]
[Time "21:03:41"]
[TimeControl "2700+45"]

1. d4 Nf6 2. Nf3 g6 3. c4 Bg7 4. Nc3 O-O 5. e4 d6 6. Bg5 Nbd7 7. Qd2 Re8 8. e5
dxe5 9. dxe5 Ng4 10. e6 fxe6 11. Rd1 c5 12. Be2 a6 13. O-O Qc7 14. Bf4 Qc6 15.
Ng5 Nge5 16. Rfe1 b6 17. Bf1 Bb7 18. b3 Rad8 19. Qe3 h6 20. Nge4 Kh7 21. Qh3 Nf7
22. Rd3 Nf6 23. Rf3 e5 24. Bg5 Nxe4 25. Nxe4 Qxe4 26. Rxf7 Qc2 {White forfeits
on time} 0-1

[Event "Team 45 45 League T41"]
[Site "Internet Chess Club"]
[Date "2009.05.01"]
[Round "1"]
[White "alastorx"]
[Black "PandorasBox"]
[Result "0-1"]
[WhiteElo "1947"]
[BlackElo "2185"]
[Opening "Queen's pawn game"]
[ECO "A45"]
[Time "16:00:37"]
[TimeControl "2700+45"]

1. d4 Nf6 2. Nc3 c5 3. d5 d6 4. e4 g6 5. Nf3 Bg7 6. Be2 O-O 7. O-O Bg4 8. h3
Bxf3 9. Bxf3 Nbd7 10. Bf4 Qb6 11. Na4 Qa6 12. Nc3 Qb6 13. Qc1 a6 14. Re1 Qc7 15.
a3 b5 16. Qd2 Rab8 17. a4 b4 18. Nd1 c4 19. Qe2 a5 20. Ne3 Nb6 21. Rab1 e5 22.
dxe6 fxe6 23. Red1 Rbd8 24. Bg5 Rde8 25. b3 Qc5 26. Bh4 d5 27. Bxf6 Bxf6 28. Ng4
Bg7 29. Qd2 d4 30. e5 h5 31. Nf6+ Bxf6 32. exf6 Rd8 33. Be4 Rxf6 34. Qh6 Nd7 35.
Kh1 c3 36. f3 Qe5 37. Re1 Qg3 38. Rbd1 Nf8 39. Re2 Rd7 40. Bd3 Rd5 41. Rde1 Rg5
42. Rg1 Rxf3 43. Qxg5 Qxg5 44. gxf3 Qh4 45. Kh2 Kf7 46. Rg3 Qf6 47. Re4 Nd7 48.
Bc4 Ne5 49. Be2 h4 {White resigns} 0-1

[Event "Team 45 45 League T41"]
[Site "Internet Chess Club"]
[Date "2009.05.01"]
[Round "1"]
[White "Despair"]
[Black "kai"]
[Result "1-0"]
[WhiteElo "1981"]
[BlackElo "1869"]
[Opening "Benko's opening"]
[ECO "A00"]
[Time "09:00:12"]
[TimeControl "2700+45"]

1. g3 g6 2. c3 Bg7 3. d4 d5 4. Bg2 Nf6 5. Nf3 O-O 6. Ne5 c5 7. O-O b6 8. dxc5
bxc5 9. c4 Bb7 10. Bf4 Qb6 11. Nc3 dxc4 12. Nxc4 Qa6 13. Bxb7 Qxb7 14. Qb3 Qxb3
15. axb3 Nbd7 16. Rfd1 Nb6 17. Be3 Nxc4 18. bxc4 Rfc8 19. Ra5 Rc7 20. Bxc5 Rac8
21. Bb4 Rxc4 22. Bxe7 R4c7 23. Bxf6 Bxf6 24. Nd5 {Black resigns} 1-0

[Event "Team 45 45 League T41"]
[Site "Internet Chess Club"]
[Date "2009.05.01"]
[Round "1"]
[White "NFK"]
[Black "matein7"]
[Result "0-1"]
[WhiteElo "1703"]
[BlackElo "1881"]
[Opening "Scandinavian defense"]
[ECO "B01"]
[Time "14:00:15"]
[TimeControl "2700+45"]

1. e4 d5 2. exd5 Nf6 3. Bb5+ Bd7 4. Bc4 g6 5. Nf3 Bg7 6. Nc3 O-O 7. O-O Bg4 8.
d4 c6 9. dxc6 Nxc6 10. Be3 Rc8 11. Be2 Qa5 12. a3 Rfd8 13. Qc1 Nd5 14. Nxd5 Qxd5
15. c4 Qh5 16. Rd1 Nxd4 17. Bxd4 Bxd4 18. Rxd4 Rxd4 19. Nxd4 Bxe2 20. Nxe2 Qxe2
21. b3 Rd8 22. Qe1 Qxe1+ 23. Rxe1 Rd3 24. Rb1 e5 25. Kf1 f5 26. Ke2 Rd7 27. Rd1
Rxd1 28. Kxd1 Kf7 29. Ke2 Ke6 30. Ke3 Kd6 31. f3 Kc5 32. g4 a5 33. Kd3 h5 34. h3
hxg4 35. hxg4 e4+ 36. fxe4 fxg4 37. Ke3 a4 38. bxa4 Kxc4 39. a5 g5 40. a4 Kc5
41. Kf2 Kd4 42. Kg3 Kxe4 43. Kxg4 Kd4 44. Kxg5 Kc4 45. Kf4 Kb4 46. Ke3 Kxa5 47.
Kd3 Kxa4 48. Kc2 Ka3 49. Kb1 b6 50. Ka1 b5 51. Kb1 b4 52. Ka1 b3 53. Kb1 b2
{White resigns} 0-1

[Event "Team 45 45 League T41"]
[Site "Internet Chess Club"]
[Date "2009.05.03"]
[Round "1"]
[White "fishhead"]
[Black "Egmont"]
[Result "1-0"]
[WhiteElo "1911"]
[BlackElo "1694"]
[Opening "King's pawn opening"]
[ECO "B07"]
[Time "12:00:34"]
[TimeControl "2700+45"]

1. e4 d6 2. f4 e5 3. Nf3 Nc6 4. d4 exd4 5. Nxd4 Nxd4 6. Qxd4 Nf6 7. Nc3 Be6 8.
f5 Bd7 9. Bg5 Be7 10. Bb5 O-O 11. O-O Bxb5 12. Nxb5 Ng4 13. Bxe7 Qxe7 14. Rae1
a6 15. Nc3 Qh4 16. h3 Ne5 17. Nd5 Rac8 18. f6 g6 19. Ne7+ Kh8 20. Nxc8 Rxc8 21.
Qf2 Qxf2+ 22. Kxf2 h5 23. b3 Kh7 24. Ke3 Kh6 25. c4 Kg5 26. g3 Nd7 27. Rf4 Re8
28. h4+ Kh6 29. b4 a5 30. a3 axb4 31. axb4 Re6 32. Ra1 Nxf6 33. Ra7 Ng4+ 34. Kd4
Re7 35. c5 dxc5+ 36. bxc5 c6 37. Ra8 Kg7 38. Rb8 Rd7+ 39. Kc3 Re7 40. Kb4 Nf6
41. Ka5 Nxe4 42. Kb6 Nf6 43. Rxf6 Kxf6 44. Rxb7 Re3 45. Kxc6 Rxg3 46. Kd7 Rd3+
47. Ke8 Re3+ 48. Kf8 Kf5 49. Kxf7 g5 50. c6 gxh4 51. Rb5+ Kg4 52. Rc5 h3 53. c7
Rf3+ 54. Kg7 Rg3 55. c8=Q+ Kf3+ 56. Kh6 h2 57. Qc6+ Kg4 58. Rxh5 Rh3 59. Qe4+
{Black resigns} 1-0

[Event "Team 45 45 League T41"]
[Site "Internet Chess Club"]
[Date "2009.05.03"]
[Round "1"]
[White "Holzschlange"]
[Black "Knight77"]
[Result "0-1"]
[WhiteElo "1898"]
[BlackElo "1901"]
[Opening "French: MacCutcheon, Janowski variation"]
[ECO "C12"]
[Time "22:30:13"]
[TimeControl "2700+45"]

1. e4 e6 2. d4 d5 3. Nc3 Nf6 4. Bg5 Bb4 5. e5 h6 6. Be3 Ne4 7. Qg4 Kf8 8. Bd3 h5
9. Qf3 Nxc3 10. Bd2 Nxa2 11. Rxa2 Bxd2+ 12. Kxd2 c5 13. c3 Nc6 14. Ne2 Qg5+ 15.
Kd1 cxd4 16. h4 Qxe5 17. Re1 dxc3 18. Nxc3 Qd4 19. Nb5 Qxh4 20. Be2 e5 21. Qxd5
Be6 22. Qc5+ Kg8 23. Ra3 Rd8+ 24. Kc1 Qg5+ 25. Kb1 Qd2 26. Qc3 Bf5+ 27. Ka1 Nb4
28. Bd3 Rxd3 {White resigns} 0-1

[Event "Team 45 45 League T41"]
[Site "Internet Chess Club"]
[Date "2009.05.02"]
[Round "1"]
[White "CHESSISTA1"]
[Black "vollmerj"]
[Result "1-0"]
[WhiteElo "1683"]
[BlackElo "1646"]
[Opening "English opening"]
[ECO "A16"]
[Time "16:13:29"]
[TimeControl "2700+45"]

1. c4 Nf6 2. Nc3 g6 3. Nf3 Bg7 4. g3 O-O 5. Bg2 c6 6. O-O d6 7. d3 Be6 8. Qc2
Nbd7 9. Rb1 Nb6 10. b4 Qd7 11. Re1 Bh3 12. Bh1 e5 13. a4 Bf5 14. a5 Nc8 15. Nh4
Be6 16. b5 c5 17. a6 Rb8 18. axb7 Nb6 19. Ra1 d5 20. cxd5 Nfxd5 21. Nxd5 Nxd5
22. Rxa7 Rxb7 23. Rxb7 Qxb7 24. Qxc5 Rc8 25. Qa3 Qxb5 26. Bd2 Bf8 27. Qa5 Qxa5
28. Bxa5 Nc3 29. Bf3 g5 30. Ng2 Bd5 31. Bxc3 Bxf3 32. Bxe5 Bd5 33. Ne3 Be6 34.
Kg2 Bb4 35. Rb1 Be7 36. Rb8 f5 37. Rxc8+ Bxc8 38. d4 h5 39. f3 g4 40. Kf2 Bg5
41. f4 Be7 42. Nd5 Bd8 43. e3 Kf7 44. Ke2 Be6 45. Nc3 Bc4+ 46. Kd2 Ba5 47. Kc2
Ke6 48. e4 fxe4 49. Nxe4 Bd5 50. Kd3 Be1 51. Nc5+ Kf5 52. Ke3 h4 53. gxh4 Bxh4
54. Nd3 g3 55. hxg3 Bxg3 56. Nb4 Be6 57. d5 Bd7 58. Nc6 Bh4 59. Nd4+ Kg6 60. Ke4
Kf7 61. f5 Bf2 62. Nf3 Bxf5+ 63. Kxf5 Bc5 64. d6 Bxd6 65. Bxd6 Ke8 66. Ke6 Kd8
67. Nd4 Kc8 68. Ke5 Kb7 69. Kd5 Kb6 70. Bc5+ Kc7 71. Nb5+ Kd7 72. Bd6 Kc8 73.
Kc6 Kd8 74. Nd4 Ke8 75. Kd5 Kd7 76. Nf5 Kc8 77. Kc6 Kd8 78. Ng7 Kc8 79. Be7 Kb8
80. Ne6 Kc8 81. Bc5 Kb8 82. Nc7 Kc8 83. Ba7 Kd8 84. Nd5 Ke8 85. Kd6 Kf7 86. Ne7
Kf6 87. Be3 Kf7 88. Bg5 Kf8 89. Ke6 Ke8 90. Nd5 Kf8 91. Nc7 Kg7 92. Kf5 Kf7 93.
Bf6 Kf8 94. Kg6 Kg8 95. Be7 Kh8 96. Ne6 Kg8 97. Nd4 Kh8 98. Nf5 Kg8 99. Nh6+ Kh8
100. Bf6# {Black checkmated} 1-0

[Event "Team 45 45 League T41"]
[Site "Internet Chess Club"]
[Date "2009.05.01"]
[Round "1"]
[White "badmove"]
[Black "cocou"]
[Result "1/2-1/2"]
[WhiteElo "1544"]
[BlackElo "1658"]
[Opening "Vienna gambit"]
[ECO "C29"]
[Time "16:00:59"]
[TimeControl "2700+45"]

1. e4 e5 2. Nc3 Nf6 3. f4 d5 4. fxe5 Nxe4 5. Nf3 Nxc3 6. dxc3 Be7 7. Qe2 O-O 8.
Bf4 Bg4 9. O-O-O c6 10. h3 Bh5 11. g4 Bg6 12. h4 Be4 13. Rh2 Qa5 14. Kb1 Bxf3
15. Qxf3 Na6 16. Bd3 Qd8 17. g5 Nc5 18. Qh5 Nxd3 19. cxd3 b5 20. Qg4 Qc8 21.
Qxc8 Raxc8 22. d4 a5 23. Kc2 g6 24. Kd3 Rfe8 25. Re1 Bf8 {Game drawn by mutual
agreement} 1/2-1/2

[Event "Team 45 45 League T41"]
[Site "Internet Chess Club"]
[Date "2009.05.03"]
[Round "1"]
[White "Kravier"]
[Black "medsurg"]
[Result "1-0"]
[WhiteElo "1661"]
[BlackElo "1430"]
[Opening "Queen's bishop game"]
[ECO "D02"]
[Time "20:01:36"]
[TimeControl "2700+45"]

1. Nf3 d5 2. d4 Nf6 3. Bf4 e6 4. e3 c5 5. c4 Qa5+ 6. Nc3 Nc6 7. a3 Ne4 8. Rc1
cxd4 9. Nxd4 Nxc3 10. Nxc6 Nxd1+ 11. Nxa5 Nxb2 12. cxd5 exd5 13. Bb5+ Ke7 14.
Nxb7 Nc4 15. Nc5 Kf6 16. Bc6 Bxc5 17. Bxa8 Ba6 18. Bxd5 Bxa3 19. Ra1 Bb4+ 20.
Kd1 Na3 21. e4 Bd3 22. Bd2 Bd6 23. f4 Ke7 24. Bc1 Bc2+ 25. Ke2 Nb5 26. Bb2 f6
27. Kf3 Bc5 28. Rhc1 Nd4+ 29. Bxd4 Bxd4 30. Ra2 Bd3 {Black resigns} 1-0

[Event "Team 45 45 League T41"]
[Site "Internet Chess Club"]
[Date "2009.05.01"]
[Round "1"]
[White "natethegreat"]
[Black "chess92192"]
[Result "0-1"]
[WhiteElo "1882"]
[BlackElo "1983"]
[Opening "Sicilian: Alapin's variation (2.c3)"]
[ECO "B22"]
[Time "20:47:49"]
[TimeControl "2700+45"]

1. e4 c5 2. c3 d5 3. exd5 Qxd5 4. d4 cxd4 5. cxd4 Nc6 6. Nf3 Bg4 7. Nc3 Qh5 8.
Be2 e6 9. O-O Bd6 10. Ne4 Bxh2+ 11. Nxh2 Bxe2 12. Qb3 O-O-O 13. Nc5 b6 14. Nxe6
fxe6 15. Qxe6+ Kb7 16. g4 Qe8 17. Qxe8 Rxe8 18. Re1 Nxd4 19. Be3 Nf3+ 20. Nxf3
Bxf3 21. Bd4 Nf6 22. g5 Nh5 23. Bc3 Rhf8 24. Bb4 Rxe1+ 25. Rxe1 Rf7 26. Bd6 g6
27. Re3 Bd5 28. a3 Ng7 29. Be5 Nf5 30. Rd3 Rd7 31. f4 Bc6 32. Rh3 Be4 33. Kf2
Kc6 34. Rc3+ Kb7 35. Rh3 b5 36. Rb3 a6 37. Rc3 Rd2+ 38. Ke1 Rd7 39. Kf2 Bc6 40.
Rh3 Kb6 41. Ke1 a5 42. b3 b4 43. a4 Kc5 44. Kf2 Kd5 45. Kf3 Nd4+ 46. Bxd4 Kxd4+
47. Ke2 Be4 48. Re3 Rc7 49. Rh3 Bf5 50. Rh1 Ke4 51. Rh4 {White resigns} 0-1

[Event "Team 45 45 League T41"]
[Site "Internet Chess Club"]
[Date "2009.04.30"]
[Round "1"]
[White "SilverBlade"]
[Black "avila"]
[Result "0-1"]
[WhiteElo "1739"]
[BlackElo "1774"]
[Opening "French: exchange variation"]
[ECO "C01"]
[Time "17:01:23"]
[TimeControl "2700+45"]

1. e4 e6 2. d4 d5 3. exd5 exd5 4. c4 c6 5. Nc3 Bb4 6. c5 Bf5 7. a3 Ba5 8. b4 Bc7
9. Bd3 Bxd3 10. Qxd3 Nf6 11. Nf3 O-O 12. O-O h6 13. Ne2 a5 14. Bf4 Nbd7 15. h3
Re8 16. Bxc7 Qxc7 17. Rfe1 Ne4 18. Nd2 Ndf6 19. Nxe4 Nxe4 20. Qf3 Re6 21. Nf4
Rf6 22. g3 g5 23. Qg4 Nxf2 24. Kxf2 Kh7 25. Re5 gxf4 26. gxf4 axb4 27. Rg1 Rg6
28. Qf5 Kg7 29. Rxg6+ fxg6 30. Qg4 bxa3 31. Re1 a2 32. Ra1 Qf7 33. Qg3 g5 34. h4
Qxf4+ 35. Qxf4 gxf4 36. Kf3 Ra4 {White resigns} 0-1

[Event "Team 45 45 League T41"]
[Site "Internet Chess Club"]
[Date "2009.05.01"]
[Round "1"]
[White "John3v16"]
[Black "soccerisfun"]
[Result "0-1"]
[WhiteElo "1695"]
[BlackElo "1461"]
[Opening "Ruy Lopez: classical (Cordel) defense"]
[ECO "C64"]
[Time "22:01:08"]
[TimeControl "2700+45"]

1. e4 e5 2. Nf3 Nc6 3. Bb5 Bc5 4. O-O d6 5. d4 exd4 6. Nxd4 Bd7 7. c3 Nf6 8. Bg5
h6 9. Bh4 O-O 10. Nxc6 bxc6 11. Bd3 Bg4 12. Qa4 g5 13. Bg3 Qd7 14. Nd2 Nh5 15.
Kh1 Rab8 16. Qc2 Rfe8 17. Rae1 Rbd8 18. f3 Be6 19. Bf2 Nf4 20. Bc4 Bxf2 21. Rxf2
Bxc4 22. Nxc4 d5 23. Rd1 Qe6 24. Ne3 dxe4 25. Rxd8 Rxd8 26. Qxe4 Qxa2 27. Qxc6
Qb1+ 28. Rf1 Qxb2 29. Qxh6 Rd5 30. g3 Qe2 31. gxf4 Qxe3 32. fxg5 Rd1 33. Qh3
Rxf1+ 34. Qxf1 Qxg5 35. Qg2 Qxg2+ 36. Kxg2 a5 {White resigns} 0-1

[Event "Team 45 45 League T41"]
[Site "Internet Chess Club"]
[Date "2009.05.03"]
[Round "1"]
[White "smsxman"]
[Black "rayonline53"]
[Result "0-1"]
[WhiteElo "1463"]
[BlackElo "1555"]
[Opening "Caro-Kann: classical variation"]
[ECO "B18"]
[Time "10:01:07"]
[TimeControl "2700+45"]

1. e4 c6 2. d4 d5 3. Nc3 dxe4 4. Nxe4 Bf5 5. Ng3 Bg6 6. Nf3 Nd7 7. Bc4 e6 8. O-O
Ngf6 9. Bg5 Be7 10. Re1 O-O 11. Bb3 Nh5 12. Bxe7 Qxe7 13. d5 cxd5 14. Bxd5 Nxg3
15. hxg3 Nb6 16. Bb3 Rfd8 17. Qc1 h6 18. Nh4 Bh7 19. c3 Rd6 20. c4 Rc6 21. Nf3
Rac8 22. Ne5 Rc5 23. Qf4 f6 24. Nf3 e5 25. Qh4 Kf8 26. Rac1 Qc7 27. Nd2 Bd3 28.
Ne4 Bxe4 29. Qxe4 Nxc4 30. Bxc4 Rxc4 31. Rxc4 Qxc4 32. Qxb7 Rc7 33. Qb8+ Kf7 34.
b3 Qc3 35. Rd1 Re7 36. Qd6 Qc2 37. a4 Qxb3 38. Qd5+ Qxd5 39. Rxd5 Ke6 40. Ra5
Kd6 41. f4 exf4 42. gxf4 Kc6 43. Kf2 Kb6 44. Rb5+ Ka6 45. Kf3 Rb7 46. Rd5 Rb4
47. Rd7 g5 48. Rd6+ Rb6 49. Rxb6+ axb6 50. fxg5 fxg5 51. Kg4 Ka5 52. Kh5 Kxa4
53. Kxh6 g4 54. Kg5 g3 55. Kf4 b5 56. Kxg3 b4 57. Kf3 b3 58. g4 b2 59. g5 b1=Q
60. Kf4 Qg6 61. Kg4 Kb4 62. Kh4 Kc4 63. Kg4 Kd4 64. Kf4 Kd5 65. Kg4 Ke4 66. Kh4
Kf3 {White resigns} 0-1

[Event "Team 45 45 League T41"]
[Site "Internet Chess Club"]
[Date "2009.05.05"]
[Round "1"]
[White "NXS"]
[Black "CKNIGHT3"]
[Result "1-0"]
[WhiteElo "1454"]
[BlackElo "1518"]
[Opening "Queen's pawn game"]
[ECO "D04"]
[Time "21:08:41"]
[TimeControl "2700+45"]

1. Nf3 d5 2. d4 Nf6 3. e3 c5 4. c3 Nc6 5. Bd3 Bg4 6. Nbd2 e5 7. dxe5 Nxe5 8.
Qa4+ Bd7 9. Bb5 Nxf3+ 10. Nxf3 a6 11. Bxd7+ Qxd7 12. Qxd7+ Nxd7 13. O-O Bd6 14.
Re1 O-O 15. e4 Nb6 16. exd5 Bc7 17. Be3 Nxd5 18. Bxc5 Rfe8 19. Rxe8+ Rxe8 20.
Re1 Rxe1+ 21. Nxe1 b6 22. Bd4 Nf4 23. Kf1 Ne6 24. Nf3 Nxd4 25. cxd4 h6 26. h3 g5
27. Ne5 Bxe5 28. dxe5 Kf8 29. Ke2 Ke7 30. Ke3 Ke6 31. Ke4 f5+ 32. Kd4 h5 33. f3
a5 34. b3 g4 35. f4 b5 36. hxg4 fxg4 37. Ke4 h4 38. f5+ Ke7 39. Kf4 h3 40. gxh3
gxh3 41. Kg3 h2 42. Kxh2 Kd7 43. Kg3 Kc6 44. Kf4 Kd5 45. f6 Ke6 46. Ke4 a4 47.
Kd4 axb3 48. axb3 b4 49. Ke4 Kf7 50. Kf5 Ke8 51. e6 Kf8 52. Kg6 Ke8 53. Kg7 Kd8
54. Kf7 Kc7 55. e7 Kd6 56. e8=Q Kc7 57. Qe7+ Kc6 58. Qxb4 Kd5 59. Ke7 Ke5 60. f7
Kd5 61. f8=Q Ke5 62. Qf6+ Kd5 63. Qb5+ Ke4 64. Qh4+ Ke3 65. Qbc4 Kf3 66. Qh3+
Kf2 67. Qc2+ Kg1 68. Qcg2# {Black checkmated} 1-0

[Event "Team 45 45 League T41"]
[Site "Internet Chess Club"]
[Date "2009.05.03"]
[Round "1"]
[White "katabatico"]
[Black "SeniorCitizen"]
[Result "0-1"]
[WhiteElo "1327"]
[BlackElo "1367"]
[Opening "French defense"]
[ECO "C00"]
[Time "14:00:13"]
[TimeControl "2700+45"]

1. e4 e6 2. Nf3 d5 3. e5 c5 4. c3 Nc6 5. d3 Qb6 6. g3 Bd7 7. Bg2 Nge7 8. O-O Ng6
9. Re1 Be7 10. Nbd2 Qc7 11. Nf1 O-O 12. h4 Ncxe5 13. Nxe5 Nxe5 14. Bf4 Bd6 15.
Nh2 Ng6 16. Bxd6 Qxd6 17. h5 Ne7 18. Ng4 Rae8 19. h6 Ng6 20. hxg7 Kxg7 21. d4 c4
22. Ne5 Nxe5 23. dxe5 Qe7 24. Qh5 Kh8 25. Bf3 Rg8 26. Kg2 Qg5 27. Rh1 Qxh5 28.
Bxh5 Rg7 29. Rad1 Bc6 30. Rd4 Rf8 31. Rh3 f5 32. exf6 Rxf6 33. Bd1 Rff7 34. Bc2
Re7 35. Kf1 e5 36. Rdh4 e4 37. Rf4 Ref7 38. Rfh4 Bd7 39. Rh2 Rxg3 40. Rxh7+ Rxh7
41. Rxh7+ Kxh7 42. fxg3 Kg6 43. Kf2 Kg5 44. Ke3 Bc6 45. Bd1 Kf5 46. Kd4 Kf6 47.
Bh5 Kg5 48. Bd1 Kf6 49. g4 Kg5 50. Be2 Kf4 51. Bd1 Kg5 52. Be2 Kf6 53. Bd1 Ke6
54. Be2 Kd6 55. g5 Be8 56. Bg4 Bg6 57. Bc8 b6 58. Bb7 Bf7 59. g6 Bg8 60. Bc8 Ke7
61. Bb7 Kf6 62. Bxd5 Bxd5 63. Kxd5 e3 64. g7 Kxg7 {White resigns} 0-1